 Dungeon Crawl Stone Soup version 0.28-a0-479-g5baa6b73be (webtiles) character file.

Game seed: 17793685782305850131

32268 nicanaca0 the Bludgeoner (level 13, -1/116 HPs)
             Began as a Minotaur Berserker on Sept 16, 2021.
             Was the Champion of Trog.
             Slain by a wolf (6 damage)
             ... on level 4 of the Lair of Beasts on Sept 17, 2021.
             The game lasted 00:42:07 (15771 turns).

nicanaca0 the Bludgeoner (Minotaur Berserker)      Turns: 15771, Time: 00:42:07

Health: -1/116     AC: 17    Str: 22    XL:     13   Next: 30%
Magic:  12/12      EV:  8    Int:  6    God:    Trog [******]
Gold:   807        SH:  0    Dex: 13    Spells: 12/12 levels left

rFire   + . .      SeeInvis +   E - +2 war axe (vamp)
rCold   . . .      Faith    .   (no shield)
rNeg    + . .      Spirit   .   D - +0 plate armour
rPois   .          Reflect  .   S - +0 hat {SInv}
rElec   .          Harm     .   Y - +0 cloak
rCorr   .          Rampage  .   I - +0 pair of gloves
Will    ++...                   (no boots)
Stlth   ..........              y - amulet of regeneration
HPRegen 3.29/turn               r - ring of protection from fire
MPRegen 0.13/turn               h - ring of positive energy

@: strong-willed, regenerating, unable to read
A: horns 2, retaliatory headbutt, claws 1, regeneration 1, no potion heal 1,
inability to read while threatened
a: Renounce Religion, Berserk, Trog's Hand, Brothers in Arms


You were on level 4 of the Lair of Beasts.
You worshipped Trog.
Trog was exalted by your worship.
You visited 2 branches of the dungeon, and saw 15 of its levels.
You also visited: Sewer, Ossuary and Bailey.

You collected 807 gold pieces.

Inventory:

Hand Weapons
 c - a +4 vampiric executioner's axe
 E - a +2 vampiric war axe (weapon)
 P - a +5 great mace of flaming
Missiles
 d - 244 stones
 n - 9 poisoned darts (quivered)
 x - 11 javelins
Armour
 z - a +0 tower shield
 D - a +0 plate armour (worn)
 I - a +0 pair of gloves (worn)
 S - a +0 hat of see invisible (worn)
 Y - a +0 cloak (worn)
Jewellery
 h - a ring of positive energy (right hand)
 r - a ring of protection from fire (left hand)
 y - an amulet of regeneration (around neck)
 F - an amulet of reflection
 V - a ring of fire
 X - a ring of ice
Wands
 e - a wand of polymorph (11)
 m - a wand of paralysis (8)
 v - a wand of digging (8)
 U - a wand of acid (3)
Scrolls
 b - 7 scrolls of teleportation {@r2}
 j - a scroll of enchant weapon
 o - a scroll of identify {@r1}
 A - a scroll of fear
 C - 2 scrolls of immolation
 G - 3 scrolls of enchant armour
 K - a scroll of silence
 L - a scroll of brand weapon
 M - 2 scrolls of magic mapping
 O - a scroll of torment
 R - a scroll of fog
 Z - a scroll of blinking {@r2}
Potions
 a - a potion of ambrosia {unknown}
 f - 3 potions of cancellation
 g - 4 potions of heal wounds {@q2}
 i - 3 potions of curing {@q1}
 k - 3 potions of lignification
 l - 3 potions of flight
 q - a potion of invisibility
 s - 3 potions of attraction
 t - 4 potions of mutation
 w - a potion of might
 H - 2 potions of resistance
 T - 3 potions of haste


   Skills:
 + Level 11.2 Fighting
 * Level 16.6 Maces & Flails
 - Level 7.6 Throwing
 + Level 10.8 Armour
 - Level 2.1 Dodging
 * Level 15.4 Shields


You had 12 spell levels left.
You didn't know any spells.
Your spell library was empty.

Dungeon Overview and Level Annotations

Branches:
Dungeon (11/15)            Temple (0/1) D:5            Lair (4/6) D:9
  Swamp (0/4) Lair:3          Orc (0/2) D:10          Sewer (visited)
Ossuary (visited)          Bailey (visited)
  Snake: Lair:2-4    Spider: Lair:2-4

Altars:
Ashenzari
Cheibriados
Fedhas
Gozag
Hepliaklqana
Nemelex Xobeh
Okawaru
Qazlal
Sif Muna
Wu Jian
Xom
Zin
The Shining One

Shops:
D:10 ?((

Annotations:
D:4 2 runed translucent doors, 1 exclusion


Innate Abilities, Weirdness & Mutations

You have a pair of horns on your head.
You reflexively headbutt those who attack you in melee.
You have sharp fingernails.
Your natural rate of healing is unusually fast.
Potions are less effective at restoring your health.
You sometimes lose the ability to read scrolls when taking damage.


Message History

The killer bee stings you.
You are more poisoned.
The killer bee poisons you!
The killer bee stings you but does no damage.
The meliai hits you with a +0 war axe. The meliai completely misses you.
The killer bee stings you.
You are more poisoned.
The killer bee poisons you!
The killer bee stings you but does no damage.
You feel very sick.
The meliai invokes the aid of its god against you.
Something smites you!
You feel threatened and lose the ability to read scrolls!
The meliai invokes the aid of its god against you.
Something smites you!
* * * LOW HITPOINT WARNING * * *
The meliai barely misses you.
The meliai stings you but does no damage.
Your skin crawls.
You feel strong-willed.
You feel very sick.
A wolf comes into view.
The meliai hits you with a +0 war axe!
* * * LOW HITPOINT WARNING * * *
The meliai barely misses you.
A wolf comes into view.
The meliai barely misses you. You furiously retaliate!
You headbutt the meliai!
The meliai stings you but does no damage.
The wolf howls!
You don't know any spells.
Your system partially rejects the healing.
You feel better.
The meliai calls down the wrath of its god upon you.
Something smites you!
* * * LOW HITPOINT WARNING * * *
The meliai calls down the wrath of its god upon you.
Something smites you!
* * * LOW HITPOINT WARNING * * *
The wolf bites you.
You die...

.### ..P# ...# ..#
... #.# ##h# ..
##@#####..
####y###...+##
#.yyyyy......#
##yyy........##
#y..........P#
..#####†..........##
yyy(.(†............#
†Yy!..#†...........#
..#y######P..#..'#.#


You could see 2 meliai, a wolf and 6 killer bees.

Vanquished Creatures
  Gastronok (Lair:1)
  Fannar (Lair:3)
  2 hydras
  A two-headed ogre (D:10)
  A black mamba (Lair:4)
  5 cane toads
  8 komodo dragons
  A tyrant leech (Lair:3)
  3 slime creatures (D:10)
  4 hornets
  24 blink frogs
  Sigmund (D:2)
  A wraith (D:7)
  5 wyverns
  21 yaks
  Grum (D:8)
  A basilisk (Lair:2)
  2 steam dragons
  Edmund (D:6)
  A swamp worm (Lair:3)
  A two-headed ogre zombie (D:10)
  5 water moccasins
  Duvessa (D:4)
  An ice beast (D:7)
  15 orc warriors
  Purgy (Sewer)
  A sky beast (D:6)
  5 necrophages
  3 black bears
  A hornet zombie (Ossuary)
  2 ogres
  2 wolves (D:8)
  6 centaurs
  3 phantoms
  3 kobold brigands
  Blork the orc (D:6)
  17 bullfrogs
  A gnoll sergeant (D:7)
  9 scorpions
  Dowan (D:4)
  A water moccasin zombie (Ossuary)
  2 wyvern zombies (Ossuary)
  A water moccasin skeleton (D:4)
  2 troll zombies (D:10)
  10 killer bees
  3 electric eels
  A wight (D:10)
  3 bullfrog zombies (Ossuary)
  4 crimson imps (D:6)
  12 centaur zombies
  2 jellies (D:4)
  7 orc priests
  2 bullfrog skeletons
  3 hounds
  An iron imp (D:5)
  A scorpion zombie (D:4)
  Ijyb (D:4)
  3 iguanas
  11 orc wizards
  5 killer bee zombies
  5 ogre zombies (D:10)
  2 hound skeletons (D:4)
  13 mummies
  4 howler monkey zombies
  Robin (D:4)
  9 adders
  9 gnolls
  2 howler monkey skeletons
  A shadow imp (D:6)
  2 white imps
  An ufetubus (D:5)
  2 adder skeletons (D:4)
  3 worms
  2 dart slugs
  46 orcs
  4 bats
  10 endoplasms
  6 giant cockroaches
  13 hobgoblins
  7 jackals
  4 quokkas
  6 ball pythons
  5 frilled lizards
  13 goblins
  A goblin skeleton (D:10)
  A goblin zombie (D:10)
  A hobgoblin skeleton (D:10)
  3 hobgoblin zombies (D:10)
  19 kobolds
  4 orc skeletons (D:10)
  17 orc zombies
  6 rats
461 creatures vanquished.

Vanquished Creatures (collateral kills)
  3 hydras
  A swamp worm (Lair:3)
4 creatures vanquished.

Vanquished Creatures (others)
  2 orcs
  31 fungi
  48 plants
  7 withered plants
88 creatures vanquished.

Grand Total: 553 creatures vanquished

Notes
Turn   | Place    | Note
-------+----------+-------------------------------------------
     0 | D:1      | nicanaca0 the Minotaur Berserker began the quest for the
                  | Orb.
     0 | D:1      | Reached XP level 1. HP: 19/19 MP: 0/0
   293 | D:1      | Reached skill level 4 in Maces & Flails
   293 | D:1      | Reached skill level 1 in Throwing
   293 | D:1      | Reached XP level 2. HP: 20/26 MP: 1/1
   888 | D:1      | Reached XP level 3. HP: 31/31 MP: 2/2
   966 | D:1      | Reached ** piety under Trog
  1022 | D:1      | You fall into a shaft and drop 1 floor!
  1049 | D:1      | Reached skill level 5 in Maces & Flails
  1355 | D:2      | Reached XP level 4. HP: 25/39 MP: 3/3
  1704 | D:2      | Found a faded altar of an unknown god.
  1731 | D:2      | Noticed Sigmund
  1941 | D:2      | Killed Sigmund
  1942 | D:2      | Reached skill level 7 in Maces & Flails
  1942 | D:2      | Reached XP level 5. HP: 35/45 MP: 4/4
  1942 | D:2      | Reached XP level 6. HP: 39/51 MP: 5/5
  2913 | D:3      | Found a glowing drain.
  2928 | Sewer    | Entered a sewer
  3033 | Sewer    | Noticed Purgy
  3037 | Sewer    | Killed Purgy
  3212 | D:3      | Found an opulent altar of Gozag.
  3277 | D:3      | Reached *** piety under Trog
  3399 | D:3      | Reached skill level 8 in Maces & Flails
  3535 | D:3      | Reached XP level 7. HP: 57/57 MP: 6/6
  3725 | D:3      | Found a glowing golden altar of the Shining One.
  4040 | D:4      | Noticed Ijyb
  4054 | D:4      | Killed Ijyb
  4222 | D:4      | Found a large runed translucent door.
  4222 | D:4      | Found a large runed translucent door.
  4230 | D:4      | Noticed a steam dragon
  4230 | D:4      | Noticed a hornet
  4240 | D:4      | Killed a steam dragon
  4241 | D:4      | Reached skill level 9 in Maces & Flails
  4243 | D:4      | Killed a hornet
  4244 | D:4      | Reached skill level 5 in Throwing
  4530 | D:4      | Found a large runed translucent door.
  4530 | D:4      | Found a large runed translucent door.
  4540 | D:4      | Noticed Dowan
  4540 | D:4      | Noticed Duvessa
  4598 | D:4      | Reached XP level 8. HP: 63/64 MP: 7/7
  4672 | D:4      | Killed Duvessa
  4673 | D:4      | Reached skill level 10 in Maces & Flails
  4683 | D:4      | Killed Dowan
  5029 | D:4      | Identified the +1 helmet "Maraiss" {Rampage rElec Regen+
                  | Str+3}
  5029 | D:4      | Noticed Robin
  5039 | D:4      | Killed Robin
  5071 | D:4      | Reached skill level 11 in Maces & Flails
  5157 | D:4      | Found a hazy altar of Hepliaklqana.
  5637 | D:4      | Reached **** piety under Trog
  6124 | D:5      | Entered Level 5 of the Dungeon
  6180 | D:5      | Gained mutation: You have hidden genetic defects. [potion
                  | of mutation]
  6180 | D:5      | Gained mutation: You have sharp fingernails. [potion of
                  | mutation]
  6180 | D:5      | Gained mutation: Your natural rate of healing is unusually
                  | fast. [potion of mutation]
  6181 | D:5      | Reached XP level 9. HP: 33/71 MP: 8/8
  6277 | D:5      | Reached skill level 12 in Maces & Flails
  6297 | D:5      | Gained mutation: Potions are less effective at restoring
                  | your health. [hidden defects]
  6361 | D:5      | Found a blossoming altar of Fedhas.
  6492 | D:5      | Found a staircase to the Ecumenical Temple.
  6509 | D:5      | Found a snail-covered altar of Cheibriados.
  6973 | D:5      | Reached skill level 5 in Fighting
  6986 | D:5      | Gained mutation: You sometimes lose the ability to read
                  | scrolls when taking damage. [hidden defects]
  6986 | D:5      | Lost mutation: You have hidden genetic defects. [hidden
                  | defects expressed]
  7201 | D:6      | Reached skill level 1 in Shields
  7226 | D:6      | Noticed Blork the orc
  7232 | D:6      | Found a sand-covered staircase.
  7236 | Ossuary  | Entered an ossuary
  7431 | Ossuary  | Reached ***** piety under Trog
  7441 | Ossuary  | Reached skill level 13 in Maces & Flails
  7446 | Ossuary  | Reached skill level 5 in Armour
  7740 | D:6      | Reached XP level 10. HP: 83/83 MP: 9/9
  7740 | D:6      | Killed Blork the orc
  7844 | D:6      | Noticed Edmund
  7908 | D:6      | Killed Edmund
  8127 | D:6      | Found a shimmering altar of Xom.
  8304 | D:6      | Found an iron altar of Okawaru.
  8734 | D:7      | Found a sparkling altar of Nemelex Xobeh.
  8795 | D:7      | Found a glowing silver altar of Zin.
  8796 | D:7      | Noticed an angel
  8993 | D:8      | Noticed Grum
  8995 | D:8      | Received a gift from Trog
  9003 | D:8      | Found a flagged portal.
  9010 | Bailey   | Entered a bailey
  9490 | Bailey   | Reached skill level 14 in Maces & Flails
 10173 | D:8      | Killed Grum
 10174 | D:8      | Reached skill level 5 in Shields
 10387 | D:8      | Reached XP level 11. HP: 94/94 MP: 10/10
 10440 | D:8      | Paralysed by a hornet for 2 turns
 10610 | D:8      | Found a shimmering blue altar of Sif Muna.
 10753 | D:9      | Found a stormy altar of Qazlal.
 10821 | D:9      | Found a broken altar of Ashenzari.
 11047 | D:9      | Identified the +7 long sword of Courage {flame, rElec rF+
                  | rC+ Dex-5}
 11161 | D:9      | Found a staircase to the Lair.
 11490 | D:9      | Noticed a four-headed hydra
 11499 | D:9      | Killed a five-headed hydra
 11620 | D:10     | Entered Level 10 of the Dungeon
 11686 | D:10     | Found Cenac's Antique Weapon Shop.
 11737 | D:10     | Reached ****** piety under Trog
 11738 | D:10     | Found a staircase to the Orcish Mines.
 11753 | D:10     | Identified the +8 hand axe of the Snake Pit {vorpal, Will-
                  | rCorr Str+6 Dex-3} (Trog gifted it to you on level 10 of
                  | the Dungeon)
 11753 | D:10     | Received a gift from Trog
 11843 | D:10     | Reached skill level 10 in Shields
 11874 | D:10     | Upgraded the game from 0.28-a0-476-g0f06bd746f to
                  | 0.28-a0-479-g5baa6b73be
 11946 | D:10     | Noticed a two-headed ogre
 11955 | D:10     | Killed a two-headed ogre
 12045 | D:10     | Found Nefoirph's Magic Scroll Shop.
 12109 | D:10     | Reached skill level 15 in Maces & Flails
 12240 | D:10     | Found an ornate altar of the Wu Jian Council.
 12294 | D:10     | Found Doruts's Weapon Shop.
 12461 | D:11     | Paralysed by a hornet for 2 turns
 12463 | D:11     | Paralysed by a hornet for 1 turns
 12545 | Lair:1   | Entered Level 1 of the Lair of Beasts
 12591 | Lair:1   | Noticed Gastronok
 12606 | Lair:1   | Killed Gastronok
 12607 | Lair:1   | Reached XP level 12. HP: 85/106 MP: 11/11
 12672 | Lair:1   | Reached skill level 10 in Fighting
 13029 | Lair:1   | You fall into a shaft and drop 1 floor!
 13727 | Lair:2   | Reached skill level 10 in Armour
 13797 | Lair:2   | Noticed a four-headed hydra
 13802 | Lair:2   | Killed a four-headed hydra
 13962 | Lair:2   | Reached skill level 16 in Maces & Flails
 14784 | Lair:3   | Noticed an eight-headed hydra
 14792 | Lair:3   | Killed an eight-headed hydra
 14951 | Lair:3   | Noticed Fannar
 14974 | Lair:3   | Killed Fannar
 14975 | Lair:3   | Reached XP level 13. HP: 115/115 MP: 12/12
 15337 | Lair:3   | Reached skill level 15 in Shields
 15440 | Lair:3   | Found a staircase to the Swamp.
 15771 | Lair:4   | HP: 5/116 [meliai/divine providence (11)]
 15771 | Lair:4   | Slain by a wolf

Illustrated notes

Levels and vault maps discovered:
D:1:      minmay_arrival_shattered_statue, layout_loops_ring,
          hangedman_abyss_or_decor_stabs, minmay_split_cup_small
D:2:      layout_loops_ring, basic_ecumenical_altar, uniq_sigmund
D:3:      layout_loops_cross, nicolae_gozag_cash_rules_everything_around_me,
          nicolae_tso_swordbearing_angel, portal_sewer_entry_a,
          grunt_ministairs_12, minmay_statues_item
D:4:      layout_loops_ring, overflow_temple_1_default,
          minmay_hollow_rounded_squares, uniq_duvessa, uniq_ijyb, uniq_robin
D:5:      layout_gridville, slow_altar_2, mainiacjoe_overflow_small_starburst,
          minmay_temple_entry_waves, grunt_decor_arrowhead
D:6:      layout_loops_ring, led_xom_imps, nicolae_overflow_hidden_temple,
          nicolae_ossuary_entry_giza, kennysheep_windowed_goal,
          uniq_blork_the_orc, uniq_edmund
D:7:      layout_rooms, mainiacjoe_overflow_catwalk, zin_angel
D:8:      layout_basic, nicolae_sif_muna_little_library, enter_bailey_2,
          uniq_grum
D:9:      layout_cave_pools, nicolae_ashenzari_panopticon, old_standard_altar,
          grunt_lair_entry_orc_guard_hut, serial_glass, glass_columns_a,
          glass_columns_a, chequers_serial_rivers_large_a, corexii_corridor_pit
D:10:     layout_cave_pools, kennysheep_mini, zombieorc2_lemuel, serial_undead,
          serial_undead_c, serial_undead_f, serial_undead_a, serial_undead_b,
          serial_undead_e, serial_undead_e, serial_undead_c, serial_undead_f,
          serial_undead_e, serial_undead_f, serial_shops, nicolae_shop_crystal,
          shop, shop
D:11:     layout_big_octagon, serial_shops, nicolae_square_shop,
          nicolae_uskayaw_dance_studio
Lair:1:   layout_concentric_octagons, serial_bayou_lagoon_a, ldierk_geyser,
          serial_bayou_shore_b, uniq_gastronok
Lair:2:   layout_misc_corridors, gauntlet_entry_generic, guppyfry_lair_drakes
Lair:3:   layout_regular_city, palyth_hydra_swamp_entry, uniq_fannar
Lair:4:   layout_roguey [special_room_bee], minmay_snake_entry_six_corridors

Skill      XL: |  1  2  3  4  5  6  7  8  9 10 11 12 13 |
---------------+----------------------------------------+-----
Maces & Flails | 4 5 7 8 9 11 13 14 15 16 | 16.6
Throwing       | 1 2 3 4 5 6 7 |  7.6
Fighting       | 6 8 9 10 11 | 11.2
Armour         | 5 7 9 10 | 10.8
Shields        | 3 6 12 14 15 | 15.4
Dodging        | |  2.1

Action                   |  1- 3 |  4- 6 |  7- 9 | 10-12 | 13-15 || total
-------------------------+-------+-------+-------+-------+-------++-------
Melee: Mace              |    61 |     2 |       |       |       ||    63
       Headbutt          |    13 |    16 |    68 |   119 |    12 ||   228
       Short sword       |       |    47 |       |       |       ||    47
       Great mace        |       |    33 |    27 |   138 |    27 ||   225
       Long sword        |       |       |    85 |       |       ||    85
       War axe           |       |       |   186 |   290 |    26 ||   502
       Whip              |       |       |       |    35 |       ||    35
       Executioner's axe |       |       |       |   131 |    19 ||   150
Throw: Stone             |    54 |    88 |    81 |   126 |     5 ||   354
       Dart              |     1 |       |    72 |   262 |    34 ||   369
       Boomerang         |       |       |    25 |       |       ||    25
Invok: Trog's Hand       |       |     2 |     3 |     1 |     1 ||     7
       Berserk           |       |     1 |     4 |       |       ||     5
       Brothers in Arms  |       |       |       |     2 |     1 ||     3
Evoke: Wand              |       |       |    13 |    17 |     2 ||    32
  Use: Scroll            |       |     3 |     8 |    14 |       ||    25
       Potion            |       |       |     2 |     1 |     1 ||     4
Armor: Animal skin       |    11 |     4 |       |       |       ||    15
       Scale mail        |       |    22 |    41 |       |       ||    63
       Plate armour      |       |       |    89 |   427 |    76 ||   592
Dodge: Dodged            |    39 |    61 |   108 |   233 |    65 ||   506
Block: Buckler           |       |       |    82 |   248 |       ||   330
       Other             |       |       |     4 |    46 |       ||    50
       Reflection        |       |       |       |    14 |       ||    14

Table legend: (Time is in decaauts)
 A = Elapsed time spent in this place.
 B = Non-inter-level travel time spent in this place.
 C = Inter-level travel time spent in this place.
 D = Time resting spent in this place.
 E = Time spent auto-exploring this place.
 F = Levels seen in this place.
 G = Mean time per level.
                   A        B        C        D        E       F      G
               +--------+--------+--------+--------+--------+-----+--------+
         Total |  15921 |  15316 |    605 |   1834 |   9583 |  18 |  884.5 |
       Dungeon |  10902 |  10398 |    504 |   1421 |   6681 |  11 |  991.1 |
          Lair |   3197 |   3097 |    100 |     95 |   2316 |   4 |  799.2 |
         Sewer |    171 |    171 |      0 |      1 |    120 |   1 |  171.0 |
       Ossuary |    544 |    544 |      0 |     86 |    192 |   1 |  544.0 |
        Bailey |   1106 |   1106 |      0 |    231 |    274 |   1 | 1106.0 |
               +--------+--------+--------+--------+--------+-----+--------+

Top non-repeatable levels by time:
     D:4: 2237 daAuts
     D:1: 1773 daAuts
  Lair:1: 1203 daAuts
  Bailey: 1106 daAuts
     D:2: 1103 daAuts
  Lair:3: 990 daAuts
     D:9: 978 daAuts
     D:5: 953 daAuts
     D:3: 944 daAuts
    D:10: 915 daAuts
     D:6: 816 daAuts
  Lair:2: 744 daAuts
     D:8: 578 daAuts
     D:7: 577 daAuts
 Ossuary: 544 daAuts
